 Dungeon Crawl Stone Soup version 0.24-a0-347-g1a3e1d35ff (webtiles) character file.

Game seed: 8520077145004659647

493 Gumption the Cudgeler (level 7, -5/43 HPs)
             Began as a Gargoyle Gladiator on May 23, 2019.
             Slain by a two-headed ogre
             ... wielding a +0 giant club
              (9 damage)
             ... on level 4 of the Dungeon.
             The game lasted 00:14:52 (3834 turns).

Gumption the Cudgeler (Gargoyle Gladiator)          Turns: 3834, Time: 00:14:53

Health: -5/43      AC: 15    Str: 20    XL:     7   Next: 15%
Magic:  7/7        EV:  8    Int:  8    God:
Gold:   193        SH:  0    Dex: 11    Spells: 6/6 levels left

rFire    . . .     SeeInvis .   a - +0 flail
rCold    . . .     Gourm    .   (no shield)
rNeg     + . .     Faith    .   n - +0 chain mail
rPois    ∞         Spirit   .   c - +0 helmet
rElec    +         Reflect  .   (no cloak)
rCorr    .         Harm     .   (no gloves)
MR       .....                  (no boots)
Stlth    ..........             (no amulet)
HPRegen  0.14/turn              (no ring)
MPRegen  0.10/turn              (no ring)

@: no status effects
A: negative energy resistance 1, electricity resistance, unbreathing,
petrification resistance, rot immunity, AC +4
a: no special abilities


You were on level 4 of the Dungeon.
You were hungry.

You visited 1 branch of the dungeon, and saw 4 of its levels.

You collected 193 gold pieces.

Inventory:

Hand Weapons
 a - a +0 flail (weapon)
Missiles
 d - 3 throwing nets
 f - a poisoned dart (quivered)
 g - 115 stones
Armour
 c - a +0 helmet (worn)
 n - a +0 chain mail (worn)
Jewellery
 w - an uncursed ring of protection from cold {unknown}
Scrolls
 h - a scroll of noise {unknown}
 j - 2 scrolls of teleportation {unknown}
 k - 2 scrolls of identify {unknown}
 l - 5 scrolls of remove curse {unknown}
 q - a scroll of amnesia {unknown}
 r - a scroll of fear {unknown}
 t - a scroll of blinking {unknown}
 v - a scroll of enchant armour {unknown}
 x - a scroll of enchant weapon {unknown}
Potions
 b - a potion of mutation {unknown}
 i - 2 potions of curing {unknown}
 m - a potion of degeneration {unknown}
 o - a potion of agility {unknown}
 s - a potion of heal wounds {unknown}
Comestibles
 e - 11 rations


   Skills:
 + Level 4.1 Fighting
 * Level 5.5 Maces & Flails
 - Level 1.7 Throwing
 * Level 3.2 Armour
 - Level 2.4 Dodging
 + Level 3.6 Stealth


You had 6 spell levels left.
You didn't know any spells.
Your spell library was empty.

Dungeon Overview and Level Annotations

Branches:
Dungeon (4/15)
 Temple: D:4-7

Altars:


Innate Abilities, Weirdness & Mutations

You are resistant to torment.
Your stone body is resilient. (AC +4)
You are immune to poison.
You resist negative energy. (rN+)
You are resistant to electric shocks. (rElec)
You can survive without breathing.
You are immune to petrification.
You are immune to rotting.


Message History

You see here 2 chunks of flesh.
The two-headed ogre looks more healthy.
Things that are here:
a poisoned dart; a curare-tipped dart The two-headed ogre hits you with a +0 giant club!
* * * LOW HITPOINT WARNING * * *
The two-headed ogre closely misses you.
You are feeling hungry.
Throwing (i - inventory. (/) - cycle)
f - 2 poisoned darts (quivered)
Press: ? - help, Shift-Dir - straight line, f/p - two-headed ogre
Aim: a two-headed ogre, wielding two +0 giant clubs (heavily wounded)
You throw a poisoned dart.
The poisoned dart hits the two-headed ogre.
The two-headed ogre is poisoned.
The two-headed ogre is heavily wounded.
The two-headed ogre looks more healthy.
You hit the two-headed ogre.
The two-headed ogre is severely wounded.
The two-headed ogre hits you with a +0 giant club!
You die...

...# ##..##.........(.....##
...## #..##................#
....###..#.................#
.....#..#.................##
......a##.................#
.....(.##...............###
.......##..............##
.....#O###......O.....##
....##..####....@...###
.....##.#######...###
.....#....### #####
.......##...###
.......####...### ......(#
###...#### .......#
#......>.####.. .......#
#............#. .......#
##..............


You could see a two-headed ogre.

Vanquished Creatures
  A phantom (D:4)
  An ogre (D:4)
  A scorpion (D:3)
  2 bullfrog skeletons
  4 worker ants (D:4)
  A hound skeleton (D:3)
  6 adders
  An orc (D:3)
  A ball python (D:1)
  8 bats
  2 giant cockroaches (D:1)
  5 goblins
  6 hobgoblins
  3 jackals (D:2)
  7 kobolds
  A quokka (D:4)
  A frilled lizard (D:2)
  6 rats
57 creatures vanquished.

Notes
Turn   | Place    | Note
-------+----------+-------------------------------------------
     0 | D:1      | Gumption the Gargoyle Gladiator began the quest for the
                  | Orb.
     0 | D:1      | Reached XP level 1. HP: 12/12 MP: 1/1
   217 | D:1      | Reached XP level 2. HP: 18/18 MP: 2/2
   496 | D:1      | Reached skill level 1 in Stealth
   804 | D:2      | Reached XP level 3. HP: 22/22 MP: 3/3
   968 | D:2      | Reached skill level 4 in Maces & Flails
   968 | D:2      | Reached XP level 4. HP: 17/28 MP: 4/4
  2126 | D:3      | Reached XP level 5. HP: 32/32 MP: 5/5
  2149 | D:3      | Reached skill level 1 in Armour
  3087 | D:4      | Reached XP level 6. HP: 33/37 MP: 6/6
  3116 | D:4      | Noticed a phantom
  3188 | D:4      | Killed a phantom
  3188 | D:4      | Reached skill level 5 in Maces & Flails
  3500 | D:4      | Reached XP level 7. HP: 43/43 MP: 7/7
  3639 | D:4      | Noticed a two-headed ogre
  3818 | D:4      | HP: 1/43 [two-headed ogre/+0 giant club (8)]
  3834 | D:4      | Slain by a two-headed ogre

Levels and vault maps discovered:
D:1:      minmay_arrival_wavy_path, layout_rooms, chequers_serial_rivers_small_a
D:2:      layout_basic, first_ration, minivault_23
D:3:      layout_basic, serial_bayou_ford_a, minmay_fractal_squares_diagonal_5
D:4:      layout_cave_pods, marbit_many_paths, feat_on_display

Skill      XL: |  1  2  3  4  5  6 |
---------------+-------------------+-----
Stealth        | 1 2 3 |  3.6
Fighting       | 3 4 |  4.1
Maces & Flails | 4 5 |  5.5
Armour         | 1 3 |  3.2
Throwing       | |  1.7
Dodging        | |  2.4

Action                   |  1- 3 |  4- 6 |  7- 9 || total
-------------------------+-------+-------+-------++-------
Melee: Flail             |    71 |   178 |    10 ||   259
Throw: Dart              |    16 |    14 |    14 ||    44
       Stone             |     7 |       |       ||     7
  Eat: Chunk             |       |     8 |     1 ||     9
Armor: Leather armour    |     9 |       |       ||     9
       Chain mail        |    58 |   129 |    11 ||   198
Dodge: Dodged            |    43 |    89 |    11 ||   143

Table legend:
 A = Non-vault XP
 B = Vault XP
 C = Vault XP percentage of total XP
 D = Non-vault monster count
 E = Vault monster count
 F = Vault count percentage of total count
                 A         B        C        D         E       F
            +---------+---------+-------+---------+---------+-------
      Total |     613 |      92 |  13.0 |      50 |       7 |  12.3
            +---------+---------+-------+---------+---------+-------
        D:1 |      22 |       0 |   0.0 |      11 |       0 |   0.0
        D:2 |     111 |       0 |   0.0 |      25 |       0 |   0.0
        D:3 |      31 |      92 |  74.8 |       5 |       7 |  58.3
        D:4 |     449 |       0 |   0.0 |       9 |       0 |   0.0
            +---------+---------+-------+---------+---------+-------
